Map: Aura de mort EC

Players

IA (moyenne)

  • Race: Terran Terran
  • Spawn Location: 5:00

WipeR - Winner!

  • Race: Protoss Protoss
  • League: Platinum
  • Spawn Location: 11:00

VOD

Have the link to the VOD?

Description

Time

  • Played on: Dec. 21, 2020, 7:30 a.m.
  • Length: 5:37
Show
View Real Time Build Order
Export as new Build Order

IA (moyenne) Terran 

Build Orders:  

Get SALT Encoding   

  12  0:00  SCV  
  13  0:13  SCV  
  14  0:18  Supply Depot  
  14  0:25  SCV  
  15  0:39  SCV  
  16  0:44  Barracks  
  16  0:48  Refinery  
  16  0:51  SCV  
  17  1:03  SCV  
  18  1:16  Supply Depot  
  18  1:31  Marine  
  18  1:32  Barracks, Orbital Command  
  19  1:43  Refinery  
  19  1:50  Barracks Tech Lab  
  19  2:03  Factory  
  19  2:08  Marine  
  20  2:18  Marine  
  20  2:21  Supply Depot  
  21  2:27  Marine  
  22  2:36  Marine  
  23  2:45  Marine  
  23  2:47  SCV  
  25  2:54  Marine  
  26  2:59  SCV  
  26  3:01  Engineering Bay  
  26  3:02  Hellion  
  29  3:09  Supply Depot  
  29  3:11  SCV  
  30  3:23  SCV, Hellion  
  33  3:35  SCV  
  34  3:45  Hellion  
  34  3:47  SCV  
  37  4:27  Marine  
  37  4:31  SCV  
  37  4:35  Marine  
  37  4:37  Supply Depot  
  38  4:43  Hellion  
  33  4:50  Marauder  
  29  4:53  SCV  
  29  4:57  Marine  
  25  5:05  SCV, Hellion  
  26  5:12  Marauder  
  22  5:17  SCV, Barracks Tech Lab  
Show
View Real Time Build Order
Export as new Build Order

WipeR Protoss - Winner!

Build Orders:  

Get SALT Encoding   

  12  0:08  Pylon  
  12  0:13  Probe  
  13  0:25  Probe (Chrono Boost)  
  14  0:30  Gateway  
  15  0:36  Probe (Chrono Boost)  
  15  0:41  Probe (Chrono Boost)  
  15  0:45  Assimilator  
  16  0:53  Probe  
  16  0:54  Assimilator  
  17  1:05  Probe  
  18  1:17  Probe  
  19  1:20  Cybernetics Core  
  19  1:29  Pylon  
  19  1:30  Probe  
  20  1:42  Probe  
  21  1:54  Probe  
  21  1:56  Warp Gate (Chrono Boost)  
  21  1:58  Sentry (Chrono Boost)  
  24  2:03  Robotics Facility  
  24  2:06  Probe  
  25  2:17  Pylon  
  25  2:20  Sentry (Chrono Boost)  
  27  2:35  Gateway  
  27  2:50  Warp Prism  
  29  2:56  Gateway  
  29  2:57  Gateway  
  29  3:29  Pylon  
  29  3:39  Stalker x2  
  29  4:31  Stalker x3  
  29  4:32  Stalker  
  29  4:37  Shield Battery  
  33  4:51  Shield Battery  
  31  5:01  Zealot x2  
  31  5:02  Zealot x2  
  37  5:30  Pylon  
  37  5:32  Shield Battery  
Tags
 
Add a new tag
Caveats
  • Supply blocks, unpowered buildings, or Contaminate may cause inaccurate times.
  • Supply counts are checked every 10 seconds.